 Dungeon Crawl Stone Soup version 0.18.1-50-g88ac8fd (webtiles) character file.

8794 theElss the Fighter (level 11, -1/76 HPs)
             Began as a Gargoyle Berserker on Oct 2, 2016.
             Was a High Priest of Trog.
             Slain by a starcursed mass (3 damage)
             ... on level 1 of the Abyss.
             The game lasted 00:30:57 (10268 turns).

theElss the Fighter (Gargoyle Berserker)           Turns: 10268, Time: 00:30:57

Health: -1/76      AC: 17    Str: 27    XL:     11   Next: 36%
Magic:  0/11       EV: 13    Int:  7    God:    Trog [*****.]
Gold:   646        SH:  0    Dex:  9    Spells: 0 memorised, 10 levels left

rFire  . . .     SeeInvis .     K - +12 dire flail "Nera Fac" {holy, MR+}
rCold  . . .     Gourm    .     j - +3 leather armour
rNeg   + . .     Faith    .     (shield currently unavailable)
rPois  ∞         Spirit   +     O - +0 helmet
rElec  +         Dismiss  .     (no cloak)
rCorr  .         Reflect  .     (no gloves)
SustAt .         Harm     .     t - +0 pair of boots
MR     +....                    x - amulet of guardian spirit
Stlth  +.........               s - +2 ring of strength
                                k - +2 ring of evasion

@: exhausted, slowed, very slow, somewhat resistant to hostile enchantments,
very unstealthy
A: negative energy resistance 1, electricity resistance, unbreathing,
petrification resistance, rot immunity, AC +7
a: Berserk, Trog's Hand, Brothers in Arms, Burn Spellbooks, Renounce Religion


You were on level 1 of the Abyss.
You worshipped Trog.
Trog was extremely pleased with you.
You were very hungry.

You visited 2 branches of the dungeon, and saw 12 of its levels.
You visited the Abyss 1 time.

You collected 646 gold pieces.

Inventory:

Hand Weapons
 a - a +0 mace
 y - the +1 hand axe of Gozag's Pride {pain, rC+ rN+}
   (You found it on level 4 of the Dungeon)

   In the hands of one skilled in necromantic magic, it inflicts extra damage on
   living creatures.
   It protects you from cold.
   It protects you from negative energy.
 G - a +2 flail of crushing
 K - the +12 dire flail "Nera Fac" (weapon) {holy, MR+}
   (Trog gifted it to you on level 12 of the Dungeon)

   It has been blessed by the Shining One to cause great damage to the undead
   and demons.
   It affects your resistance to hostile enchantments.
Armour
 j - a +3 leather armour (worn)
 t - a +0 pair of boots (worn)
 D - a +0 chain mail
 O - a +0 helmet (worn)
 R - the cursed +1 leather armour "Fopsij" {Slay+3, unknown}
   (You found it on level 12 of the Dungeon)

   It affects your accuracy and damage with ranged weapons and melee attacks
   (+3).
   It has a curse placed upon it.
Jewellery
 k - a +2 ring of evasion (left hand)
 s - a +2 ring of strength (right hand)
 x - an amulet of guardian spirit (around neck)
 J - an uncursed ring of ice
Wands
 p - a wand of lightning (6/15)
 w - a wand of polymorph (7/24)
 A - a wand of lightning (6/15)
 C - a wand of slowing (17/48)
 E - a wand of random effects (20/48)
 F - a wand of enslavement (14/24)
 I - a wand of iceblast (10/15)
 M - a wand of paralysis (10/24)
 P - a wand of lightning (6/15)
Scrolls
 d - 2 scrolls of enchant weapon
 e - 2 scrolls of enchant armour
 h - 5 scrolls of teleportation
 q - 3 scrolls of fear
 r - 3 scrolls of recharging
 u - 2 scrolls of remove curse
 L - a scroll of holy word {unknown}
 N - a scroll of blinking {unknown}
 Q - a scroll of fog {unknown}
Potions
 b - 2 potions of might
 g - 2 potions of mutation {unknown}
 i - 4 potions of berserk rage {unknown}
 m - a potion of agility {unknown}
 o - 2 potions of flight
 v - a potion of cure mutation {unknown}
 B - a potion of curing {unknown}
 H - a potion of heal wounds {unknown}
 S - a potion of degeneration {unknown}
Books
 T - an Akashic Record

   Spells                             Type                      Level
   a - Dispersal                      Translocation                6
   b - Malign Gateway                 Summoning/Translocation      7
   c - Disjunction                    Translocation                8
   d - Controlled Blink               Translocation                8
   Trog disapproves of the use of such an item.
Comestibles
 c - 7 bread rations
 f - 2 beef jerkies
 l - 6 fruits
 n - 5 meat rations
 z - 10 slices of pizza


   Skills:
 + Level 12.6 Fighting
 + Level 10.4 Maces & Flails
 + Level 9.5 Armour
 - Level 1.5 Dodging


You had 10 spell levels left.
You didn't know any spells.

Dungeon Overview and Level Annotations

Branches:
Dungeon (12/15)            Temple (1/1) D:4
   Lair: D:8-11         Orc: D:9-12

Altars:
Cheibriados
Dithmenos
Elyvilon
Fedhas
Kikubaaqudgha
Makhleb
Nemelex Xobeh
Okawaru
Pakellas
Ru
Sif Muna
Trog
Vehumet
Xom
Yredelemnul
Zin
The Shining One

Shops:
D:6 (

Annotations:
D:12 Psyche


Innate Abilities, Weirdness & Mutations

You are resistant to torment.
Your stone body is resilient (AC +7).
You are immune to poison.
You resist negative energy.
You are resistant to electric shocks.
You can survive without breathing.
You are immune to petrification.
You are immune to rotting.


Message History

You puncture the shadow dragon skeleton!
The shadow dragon skeleton convulses!!
The starcursed mass engulfs you.
* * * LOW HITPOINT WARNING * * *
The starcursed mass engulfs you.
* * * LOW HITPOINT WARNING * * *
The shadow dragon skeleton bites you but does no damage.
The shadow dragon skeleton claws you but does no damage. x2
You completely miss the shadow dragon skeleton.
The starcursed mass closely misses you. The starcursed mass engulfs you.
* * * LOW HITPOINT WARNING * * *
A chorus of shrieks assaults your mind.
* * * LOW HITPOINT WARNING * * *
The shadow dragon skeleton bites you!
* * * LOW HITPOINT WARNING * * *
The shadow dragon skeleton claws you but does no damage. x2
Unknown command.
You bludgeon the starcursed mass!!
You destroy the starcursed mass!
The starcursed mass barely misses you. The starcursed mass engulfs you.
You die...

≈≈≈ .##♣≈≈
.#...#≈≈
#.......#+
.#.##.≈♣≈#+#+#+#+
..#.≈≈≈≈≈≈.#...≈.
# #..≈≈≈.....#.#
..#....#Z@X#..#
.... ....#..#X.#
..#
..#.......#.#.
.... ....#.##..
..# .# .. #.##.
.....##...#.. .
.. ..### #.#....
# #.###.#..
.##.#.. . #.###
....) .. # # # .
.# .


You could see 2 starcursed masses and a shadow dragon skeleton.

Vanquished Creatures
  A thrashing horror (Abyss:1)
  A wretched star (Abyss:1)
  A hill giant (D:12)
  A large abomination (Abyss:1)
  An ancient zyme (Abyss:1)
  A troll (D:12)
  A two-headed ogre (D:12)
  3 starcursed masses (Abyss:1)
  A wyvern (D:5)
  A vampire (D:9)
  Sigmund (D:5)
  A hippogriff (D:12)
  Eustachio (D:5)
  A chaos spawn (Abyss:1)
  A basilisk (D:12)
  A mottled dragon (D:12)
  A water moccasin (D:9)
  A sky beast (D:7)
  2 orc warriors
  4 ice beasts
  An eye of draining (D:9)
  4 centaurs
  2 ogres
  A big kobold (D:12)
  5 giant frogs
  A jelly (D:7)
  2 scorpions
  6 killer bees
  10 wights (D:8)
  2 howler monkeys
  4 electric eels (D:9)
  4 crimson imps
  A centaur zombie (D:12)
  A giant frog zombie (D:5)
  A wasp zombie (D:9)
  8 hounds
  5 orc priests
  A gnoll shaman (D:9)
  A water moccasin simulacrum (D:9)
  3 centaur skeletons
  Ijyb (D:2)
  2 iguanas
  6 worker ants
  5 orc wizards
  2 giant frog simulacra (D:9)
  3 hound zombies
  A hound skeleton (D:5)
  A howler monkey zombie (D:5)
  A howler monkey skeleton (D:4)
  A worker ant zombie (D:8)
  14 adders
  11 gnolls
  2 shadow imps
  3 white imps (D:9)
  6 oozes
  An adder zombie (D:7)
  2 adder skeletons
  A dart slug (D:1)
  An adder simulacrum (D:9)
  5 giant geckos
  17 orcs
  3 ball pythons
  5 bats
  6 giant cockroaches
  14 goblins
  8 hobgoblins
  8 jackals
  4 quokkas
  A giant gecko skeleton (D:5)
  4 giant newts
  10 kobolds
  6 rats
  A butterfly (D:4)
245 creatures vanquished.

Notes
Turn   | Place    | Note
--------------------------------------------------------------
     0 | D:1      | theElss the Gargoyle Berserker began the quest for the Orb.
     0 | D:1      | Reached XP level 1. HP: 14/14 MP: 1/1
    39 | D:1      | Reached XP level 2. HP: 19/19 MP: 2/2
   202 | D:1      | Reached XP level 3. HP: 22/24 MP: 3/3
   300 | D:1      | Reached skill level 4 in Fighting
   308 | D:1      | Reached ** piety under Trog
   601 | D:1      | Reached XP level 4. HP: 22/29 MP: 4/4
  1122 | D:2      | Noticed Ijyb
  1151 | D:2      | Killed Ijyb
  1363 | D:2      | Reached XP level 5. HP: 34/34 MP: 5/5
  1437 | D:2      | Reached *** piety under Trog
  1656 | D:2      | Found a burning altar of Makhleb.
  1656 | D:2      | Found a radiant altar of Vehumet.
  2211 | D:3      | Reached skill level 5 in Fighting
  2407 | D:3      | Found a glowing silver altar of Zin.
  2589 | D:3      | You fall through a shaft for 3 floors!
  2589 | D:6      | Found Doqasheh's Antique Weapon Emporium.
  2591 | D:6      | Reached XP level 6. HP: 37/40 MP: 6/6
  2778 | D:6      | Reached skill level 5 in Maces & Flails
  2787 | D:6      | Reached skill level 6 in Fighting
  2787 | D:6      | Reached XP level 7. HP: 12/46 MP: 7/7
  3486 | D:5      | Entered Level 5 of the Dungeon
  3516 | D:5      | Reached **** piety under Trog
  4020 | D:4      | Got a warped hand axe
  4042 | D:4      | Identified the cursed +1 hand axe of Gozag's Pride {pain, rC+ rN+} (You found it on level 4 of the Dungeon)
  4076 | D:4      | Found a staircase to the Ecumenical Temple.
  4081 | Temple   | Entered the Ecumenical Temple
  4531 | D:4      | Reached XP level 8. HP: 49/52 MP: 8/8
  4693 | D:4      | Found a shimmering altar of Xom.
  4787 | D:5      | Noticed Sigmund
  4789 | D:5      | Noticed a wyvern
  4795 | D:5      | Killed Sigmund
  4795 | D:5      | Reached skill level 7 in Fighting
  4795 | D:5      | Reached skill level 5 in Armour
  4803 | D:5      | Killed a wyvern
  5084 | D:5      | Noticed Eustachio
  5114 | D:5      | Killed Eustachio
  5114 | D:5      | Reached skill level 8 in Fighting
  5890 | D:7      | Reached XP level 9. HP: 56/60 MP: 9/9
  6276 | D:7      | Reached skill level 9 in Fighting
  6340 | D:7      | Found a white marble altar of Elyvilon.
  7770 | D:8      | Reached skill level 10 in Fighting
  8147 | D:9      | Reached XP level 10. HP: 46/68 MP: 7/10
  8265 | D:9      | Reached ***** piety under Trog
  9215 | D:9      | Reached skill level 11 in Fighting
  9748 | D:9      | You fall through a shaft for 3 floors!
  9803 | D:12     | Noticed Psyche
  9806 | D:12     | Noticed a hill giant
  9831 | D:12     | Killed a hill giant
  9838 | D:12     | Received a gift from Trog
  9841 | D:12     | Got an ivory dire flail {god gift}
  9842 | D:12     | Identified the +12 dire flail "Nera Fac" {holy, MR+} (Trog gifted it to you on level 12 of the Dungeon)
 10093 | D:12     | Got a heavily runed leather armour
 10105 | D:12     | Reached skill level 12 in Fighting
 10161 | D:12     | Reached XP level 11. HP: 76/76 MP: 11/11
 10168 | D:11     | Noticed a five-headed hydra
 10177 | D:12     | Cast into level 1 of the Abyss (Psyche)
 10177 | Abyss:1  | Found a corrupted altar of Lugonu.
 10202 | Abyss:1  | Found an oddly glowing altar of Pakellas.
 10228 | Abyss:1  | Noticed a large abomination
 10234 | Abyss:1  | Noticed a thrashing horror
 10238 | Abyss:1  | Noticed a wretched star
 10242 | Abyss:1  | Killed a large abomination
 10244 | Abyss:1  | Noticed a starcursed mass
 10247 | Abyss:1  | Killed a thrashing horror
 10247 | Abyss:1  | Reached skill level 10 in Maces & Flails
 10253 | Abyss:1  | Killed a wretched star
 10261 | Abyss:1  | Killed a starcursed mass
 10264 | Abyss:1  | Killed a starcursed mass
 10267 | Abyss:1  | HP: 1/76 [shadow dragon skeleton (7)]
 10268 | Abyss:1  | Slain by a starcursed mass

Skill      XL: |  1  2  3  4  5  6  7  8  9 10 11 |
---------------+----------------------------------+-----
Fighting       | 4 5 6 8 10 12 | 12.6
Maces & Flails | 4 5 6 7 9 10 | 10.4
Armour         | 3 4 6 9 |  9.5
Dodging        | |  1.5

Action                   |  1- 3 |  4- 6 |  7- 9 | 10-12 || total
-------------------------+-------+-------+-------+-------++-------
Melee: Mace              |    88 |   245 |    72 |       ||   405
       Hand axe          |       |       |   489 |       ||   489
       Flail             |       |       |    81 |   214 ||   295
       Dire flail        |       |       |       |    57 ||    57
Invok: Berserk           |       |     2 |     2 |     3 ||     7
       Trog's Hand       |       |     1 |     1 |       ||     2
  Use: Scroll            |       |       |     9 |       ||     9
       Potion            |       |       |     1 |       ||     1
  Eat: Chunk             |       |     8 |    19 |     7 ||    34
       Fruit             |       |       |     2 |     1 ||     3
       Beef jerky        |       |       |       |     1 ||     1
Armor: Animal skin       |    35 |     1 |       |       ||    36
       Leather armour    |       |   135 |   103 |   154 ||   392
       Chain mail        |       |       |   296 |       ||   296
Dodge: Dodged            |    67 |   186 |   438 |   174 ||   865
